 Dungeon Crawl Stone Soup version 0.28-a0-21-gf74fda84f9 (webtiles) character file.

Game seed: 18073135234347063467

17 flyleaff the Shield-Bearer (level 2, -2/24 HPs)
             Began as a Formicid Fighter on July 26, 2021.
             Slain by Terence (3 damage)
             ... on level 2 of the Dungeon.
             The game lasted 00:02:25 (699 turns).

flyleaff the Shield-Bearer (Formicid Fighter)        Turns: 699, Time: 00:02:26

Health: -2/24      AC:  6    Str: 20    XL:     2   Next: 80%
Magic:  2/2        EV:  8    Int:  7    God:
Gold:   23         SH: 14    Dex: 10    Spells: 1/1 levels left

rFire   . . .      SeeInvis +   a - +0 war axe
rCold   . . .      Faith    .   c - +0 kite shield
rNeg    . . .      Spirit   .   b - +0 scale mail
rPois   .          Reflect  +   (helmet unavailable)
rElec   .          Harm     .   (no cloak)
rCorr   .          Rampage  .   (no gloves)
Will    .....                   (no boots)
Stlth   ..........              e - amulet of reflection
HPRegen 0.08/turn               (no ring)
MPRegen 0.08/turn               (no ring)

@: mighty
A: permanent stasis, dig shafts and tunnels, antennae 3, four strong arms
a: Dig, Shaft Self


You were on level 2 of the Dungeon.
You visited 1 branch of the dungeon, and saw 2 of its levels.

You collected 23 gold pieces.

Inventory:

Hand Weapons
 a - a +0 war axe (weapon)
 h - a +0 hunting sling of flaming
Missiles
 f - 9 poisoned darts
 i - 3 datura-tipped darts
Armour
 b - a +0 scale mail (worn)
 c - a +0 kite shield (worn)
 j - a +1 robe of resistance
Jewellery
 e - an amulet of reflection (around neck)
Potions
 d - a potion of might


   Skills:
 + Level 3.5 Fighting
 * Level 2.5 Axes
 + Level 3.5 Armour
 + Level 3.8 Shields


You had one spell level left.
You didn't know any spells.
Your spell library was empty.

Dungeon Overview and Level Annotations

Branches:
Dungeon (2/15)

Altars:

Annotations:
D:2 Terence


Innate Abilities, Weirdness & Mutations

You cannot be hasted, slowed, berserked, paralysed or teleported.
You can dig through walls and to a lower floor.
You have a pair of large antennae on your head. (SInv)
Your four strong arms can wield two-handed weapons with a shield.


Message History

There is a stone staircase leading up here.
A kobold comes into view. It is wielding a +0 short sword.
The kobold shouts!
Terence the Incautious comes into view.
He is wielding a +0 flail and wearing a +3 chain mail of poison resistance.
The kobold throws a stone.
You reflect the stone off an invisible shield around you!
The stone hits the kobold but does no damage.
The kobold throws a stone.
You reflect the stone off an invisible shield around you!
The stone misses the kobold.
The kobold throws a stone.
You reflect the stone off an invisible shield around you!
The stone hits the kobold but does no damage.
You block the kobold's attack.
You slash the kobold!
You kill the kobold!
No target in view!
No target in view!
No target in view!
Things that are here:
a +0 short sword; 5 stones; a kobold corpse Terence shouts!
Terence drinks a potion.
Terence goes berserk!
You feel very mighty all of a sudden. Terence hits you with a +0 flail!
Ouch! That really hurt!
You hit Terence.
Terence is lightly wounded.
You block Terence's attack. Terence hits you with a +0 flail!
* * * LOW HITPOINT WARNING * * *
You block Terence's attack.
You aren't carrying any scrolls.
It was a potion of magic.
Magic courses through your body. You block Terence's attack.
You aren't carrying any items that you can evoke.
You aren't carrying any scrolls.
You hit Terence.
Terence is moderately wounded.
You block Terence's attack. Terence hits you with a +0 flail.
You die...

#......#..
#......#..
#........#
#.........
#.........
###......#..
#.+.........
#.#.@....##
#<.@........
#.##########.#
#.....)......#
##############


You could see Terence (berserk).

Vanquished Creatures
  2 ball pythons (D:1)
  2 endoplasms (D:1)
  A giant cockroach (D:1)
  2 goblins (D:1)
  4 hobgoblins (D:1)
  A bat (D:1)
  A kobold (D:2)
  2 rats (D:1)
15 creatures vanquished.

Notes
Turn   | Place    | Note
-------+----------+-------------------------------------------
     0 | D:1      | flyleaff the Formicid Fighter began the quest for the Orb.
     0 | D:1      | Reached XP level 1. HP: 18/18 MP: 1/1
    49 | D:1      | Found a faded altar of an unknown god.
    96 | D:1      | Reached XP level 2. HP: 21/24 MP: 2/2
   680 | D:2      | Noticed Terence
   697 | D:2      | HP: 1/24 [Terence (10)]
   699 | D:2      | Slain by Terence

Illustrated notes

Levels and vault maps discovered:
D:1:      psy_arrival_statuary, layout_loops_ring,
          ebering_ecumenical_altar_petrified
D:2:      minmay_evil_eye, layout_basic, minivault_25, minmay_unequal,
          uniq_terence

Action                   || total
-------------------------++-------
Melee: War axe           ||    35
  Use: Scroll            ||     4
       Potion            ||     2
Armor: Scale mail        ||    11
Dodge: Dodged            ||     5
Block: Kite shield       ||    26
       Reflection        ||     3

Table legend: (Time is in decaauts)
 A = Elapsed time spent in this place.
 B = Non-inter-level travel time spent in this place.
 C = Inter-level travel time spent in this place.
 D = Time resting spent in this place.
 E = Time spent auto-exploring this place.
 F = Levels seen in this place.
 G = Mean time per level.
                   A        B        C        D        E       F      G
               +--------+--------+--------+--------+--------+-----+--------+
         Total |    718 |    709 |      9 |      0 |    525 |   2 |  359.0 |
       Dungeon |    718 |    709 |      9 |      0 |    525 |   2 |  359.0 |
               +--------+--------+--------+--------+--------+-----+--------+

Top non-repeatable levels by time:
     D:1: 697 daAuts
     D:2: 20 daAuts
